 Dungeon Crawl Stone Soup version 0.22-a0-406-g9ff8d77 (webtiles) character file.

110 Borgoz the Skirmisher (level 4, 0/43 HPs)
             Began as a Gargoyle Abyssal Knight on May 8, 2018.
             Was a Believer of Lugonu.
             Slain by Crazy Yiuf
             ... wielding a +4 quarterstaff of chaos
              (6 damage)
             ... on level 2 of the Dungeon.
             The game lasted 00:03:01 (1838 turns).

Borgoz the Skirmisher (Gargoyle Abyssal Knight)     Turns: 1838, Time: 00:03:02

Health: 0/43       AC: 14    Str: 21    XL:     4   Next: 91%
Magic:  6/6        EV: 11    Int: 12    God:    Lugonu [**....]
Gold:   167        SH:  0    Dex: 10    Spells: 3/3 levels left

rFire    . . .     SeeInvis .   n - +0 mace (protect)
rCold    . . .     Gourm    .   (no shield)
rNeg     + . .     Faith    .   b - +0 leather armour
rPois    ∞         Spirit   .   (no helmet)
rElec    +         Reflect  .   (no cloak)
rCorr    .         Harm     .   (no gloves)
MR       .....                  (no boots)
Stlth    ..........             (no amulet)
HPRegen  0.14/turn              (no ring)
MPRegen  0.10/turn              (no ring)

@: berserking, protection aura, very slightly contaminated, very quick
A: negative energy resistance 1, electricity resistance, unbreathing,
petrification resistance, rot immunity, AC +3
a: Depart the Abyss, Bend Space, Renounce Religion


You were on level 2 of the Dungeon.
You worshipped Lugonu.
Lugonu was pleased with you.
You were very hungry.

You visited 1 branch of the dungeon, and saw 2 of its levels.
You visited the Abyss 1 time.

You collected 167 gold pieces.

Inventory:

Hand Weapons
 n - a +0 mace of protection (weapon)
Armour
 b - a +0 leather armour (worn)
Wands
 d - a wand of acid (8)
Scrolls
 a - a scroll of identify {unknown}
 f - 3 scrolls of remove curse {unknown}
 g - a scroll of magic mapping {unknown}
 h - 2 scrolls of enchant armour {unknown}
 j - a scroll of amnesia {unknown}
 k - 3 scrolls of noise {unknown}
 l - 3 scrolls of teleportation {unknown}
Potions
 e - 2 potions of curing {unknown}
 i - a potion of lignification {unknown}
 m - a potion of flight {unknown}
Comestibles
 c - 4 rations


   Skills:
 + Level 3.7 Fighting
 * Level 3.2 Maces & Flails
 + Level 3.0 Armour
 + Level 1.6 Dodging
 + Level 2.7 Invocations


You had 3 spell levels left.
You didn't know any spells.

Dungeon Overview and Level Annotations

Branches:
Dungeon (2/15)

Altars:
Cheibriados

Annotations:
D:2 Crazy Yiuf


Innate Abilities, Weirdness & Mutations

You are resistant to torment.
Your stone body is resilient. (AC +3)
You are immune to poison.
You resist negative energy. (rN+)
You are resistant to electric shocks. (rElec)
You can survive without breathing.
You are immune to petrification.
You are immune to rotting.


Message History

Crazy Yiuf barely misses you.
Crazy Yiuf whimpers, "Trifle!"
Crazy Yiuf hits you but does no damage.
You closely miss Crazy Yiuf.
Crazy Yiuf is severely wounded.
Crazy Yiuf barely misses you.
You hit Crazy Yiuf.
Crazy Yiuf is severely wounded.
Crazy Yiuf hits you with a quarterstaff of chaos.
* * * LOW HITPOINT WARNING * * *
A red film seems to cover your vision as you go berserk!
You feel yourself moving faster!
You feel mighty!
Unknown command.
You are too berserk!
Unknown command.
You barely miss Crazy Yiuf.
Crazy Yiuf is severely wounded.
You flicker back into view.
Crazy Yiuf hits you with a quarterstaff of chaos.
You die...

##...## #.#
#........#
### ##'##
#.#
#.###.##.#
#.## #.# ###
#.# #.##.#
...###.# #.#
#.##..
....##.##
##### #.#
#.....
........####
#..)# #.#
####..
...........#
#...#
#.######.#
........####
#.g.#
#........#
....##.##
#@#
##########
...###.#
##.# #.##
#.# #.## ###
#.# ##.# #.#
#.## #.#
##.## #.#
#.PP#
##.#####
#.PP##
#######
#......#
#....#
####.....#


You could see Crazy Yiuf.

Vanquished Creatures
  A scorpion (D:2)
  2 adders (D:2)
  An ooze (D:1)
  A dart slug (D:2)
  2 ball pythons (D:1)
  3 giant cockroaches
  5 goblins (D:1)
  4 hobgoblins (D:2)
  A quokka (D:2)
  3 bats
  3 frilled lizards
  5 kobolds
  5 rats
  A fungus (D:2)
37 creatures vanquished.

Notes
Turn   | Place    | Note
-------+----------+-------------------------------------------
     0 | Abyss:1  | Borgoz the Gargoyle Abyssal Knight began the quest for the Orb.
     0 | Abyss:1  | Reached XP level 1. HP: 14/14 MP: 2/2
    23 | Abyss:2  | Noticed a large abomination
    61 | D:1      | Escaped the Abyss
   123 | D:1      | Reached skill level 1 in Dodging
   123 | D:1      | Reached XP level 2. HP: 19/19 MP: 3/3
   527 | D:1      | Reached ** piety under Lugonu
   684 | D:2      | Noticed a scorpion
   702 | D:2      | Killed a scorpion
   702 | D:2      | Reached XP level 3. HP: 14/24 MP: 4/4
   702 | D:2      | Reached XP level 4. HP: 17/29 MP: 5/5
   847 | D:2      | Found a snail-covered altar of Cheibriados.
  1029 | D:2      | Found a runed door.
  1823 | D:2      | Noticed Crazy Yiuf
  1838 | D:2      | Slain by Crazy Yiuf

Vault maps used:
D:1:      nicolae_arrival_memento_mori
D:2:      lemuel_crystal_altar, first_ration, uniq_crazy_yiuf_cottage
Abyss:1:  patterned_corridor, minivault_20
Abyss:2:  hangedman_relentless_pull

Skill      XL: |  1  2  3  4 |
---------------+-------------+-----
Dodging        | 1 |  1.6
Maces & Flails | 3 |  3.2
Armour         | 3 |  3.0
Fighting       | |  3.7
Invocations    | |  2.7

Action                   |  1- 3 |  4- 6 || total
-------------------------+-------+-------++-------
Melee: Mace              |    59 |   107 ||   166
 Stab: Invisible         |       |     1 ||     1
  Eat: Chunk             |       |     2 ||     2
Armor: Leather armour    |    22 |    53 ||    75
Dodge: Dodged            |    32 |    44 ||    76

Table legend:
 A = Spawn XP
 B = Non-spawn XP
 C = Spawn XP percentage of total XP
 D = Spawn monster count
 E = Non-spawn monster count
 F = Spawn count percentage of total count
 G = Total turns spent on level
                    A         B        C        D         E        F      G
               +---------+---------+-------+---------+---------+-------+---------
         Total |       0 |     158 |   0.0 |       0 |      36 |   0.0 |  1838
               +---------+---------+-------+---------+---------+-------+---------
           D:1 |       0 |      32 |   0.0 |       0 |      18 |   0.0 |   596
           D:2 |       0 |     126 |   0.0 |       0 |      18 |   0.0 |  1181
               +---------+---------+-------+---------+---------+-------+---------
